 Dungeon Crawl Stone Soup version 0.19.0-24-gb05acd6 (webtiles) character file.

24985 KarmaPolice the Dealer of Despair (level 12, -2/91 HPs)
             Began as a Vampire Skald on Nov 22, 2016.
             Was an Elder of Kikubaaqudgha.
             Killed from afar by a lindwurm (28 damage)
             ... with a blast of flame
             ... on level 3 of the Lair of Beasts.
             The game lasted 01:38:34 (23797 turns).

KarmaPolice the Dealer of Despair (Vampire Skald)  Turns: 23797, Time: 01:38:34

Health: -2/91      AC:  0    Str: 13    XL:     12   Next: 85%
Magic:  12/25      EV: 19    Int: 12    God:    Kikubaaqudgha [****..]
Gold:   822        SH:  0    Dex: 22    Spells: 9 memorised, 0 levels left

rFire  . . .     SeeInvis +     (weapon currently unavailable)
rCold  . . .     Gourm    .     (armour currently unavailable)
rNeg   + . .     Faith    .     (shield currently unavailable)
rPois  .         Spirit   .     (helmet currently unavailable)
rElec  .         Reflect  .     (cloak currently unavailable)
rCorr  .         Harm     .     (gloves currently unavailable)
MR     +....                    (boots currently unavailable)
Stlth  ++++......               (no amulet)
                                (ring currently unavailable)
                                (ring currently unavailable)

@: bat-form, infused, singing, flying, regenerating, very quick
A: fangs 3, see invisible, dopey 1, (shaggy fur 0), (unbreathing)
a: End Transformation, Receive Corpses, Renounce Religion, Stop Singing


You were on level 3 of the Lair of Beasts.
You worshipped Kikubaaqudgha.
Kikubaaqudgha was greatly pleased with you.
You were not thirsty.
You were in vampire-bat-form.
You visited 3 branches of the dungeon, and saw 16 of its levels.

You collected 822 gold pieces.

Inventory:

Hand Weapons
 e - a +0 blowgun
 B - the +7 dagger "Kaeteecw" (melded) {drain, Str+2 Dex+3}
   (You found it on level 4 of the Dungeon)

   A truly terrible weapon, it drains the life of those it strikes.
   It affects your strength (+2).
   It affects your dexterity (+3).
 N - a +4 scimitar of flaming
Missiles
 a - 5 curare-tipped needles
Armour
 r - a +0 helmet (melded)
 s - a +0 pair of gloves (melded)
 w - a +1 ring mail of fire resistance (melded)
 A - a +1 cloak (melded)
 O - a +2 robe of magic resistance
 R - a cursed +0 ring mail
Jewellery
 u - a ring of resist corrosion (melded)
 P - a cursed ring of loudness {unknown}
Wands
 n - a wand of lightning (0/15)
 x - a wand of slowing (5/48)
 H - a wand of flame (25/48)
 I - a wand of disintegration (0/24)
Scrolls
 f - 2 scrolls of teleportation {unknown}
 g - 7 scrolls of remove curse
 i - 3 scrolls of fog {unknown}
 k - 3 scrolls of enchant armour {unknown}
 l - 2 scrolls of blinking {unknown}
 m - 2 scrolls of immolation
 p - 2 scrolls of identify
 q - 7 scrolls of amnesia {unknown}
 t - 4 scrolls of recharging
 y - 4 scrolls of magic mapping {unknown}
 F - a scroll of silence {unknown}
 K - 2 scrolls of enchant weapon {unknown}
 L - 2 scrolls of fear {unknown}
Potions
 b - a potion of cure mutation
 d - 16 potions of blood
 h - 3 potions of curing {unknown}
 j - a potion of invisibility {unknown}
 o - a potion of haste {unknown}
 v - 4 potions of brilliance
 z - 2 potions of agility
 C - 5 potions of cancellation {unknown}
 D - 2 potions of ambrosia {unknown}
 J - 2 potions of flight {unknown}
 M - a potion of lignification {unknown}
Books
 c - a book of Battle

   Spells                             Type                      Level
   a - Infusion                       Charms                       1
   b - Shroud of Golubria             Charms/Translocation         2
   c - Song of Slaying                Charms                       2
   d - Spectral Weapon                Hexes/Charms                 3
   e - Regeneration                   Charms/Necromancy            3
 E - Kikubaaqudgha's Papyrus of Evil Secrets
   (Kikubaaqudgha gifted it to you on level 7 of the Dungeon)

   Spells                             Type                      Level
   a - Pain                           Necromancy                   1
   b - Corpse Rot                     Necromancy                   2
   c - Sublimation of Blood           Necromancy                   2
   d - Regeneration                   Charms/Necromancy            3
   e - Control Undead                 Necromancy                   4
 G - a book of Frost

   Spells                             Type                      Level
   a - Freeze                         Ice                          1
   b - Throw Frost                    Conjuration/Ice              2
   c - Ozocubu's Armour               Charms/Ice                   3
   d - Throw Icicle                   Conjuration/Ice              4
   e - Summon Ice Beast               Ice/Summoning                4
 Q - a book of Enchantments

   Spells                             Type                      Level
   a - Cause Fear                     Hexes                        4
   b - Yara's Violent Unravelling     Hexes/Transmutation          5
   c - Silence                        Hexes/Air                    5
   d - Deflect Missiles               Charms/Air                   6
   e - Discord                        Hexes                        8
 S - Kikubaaqudgha's Tome of Dark Secrets
   (Kikubaaqudgha gifted it to you on level 11 of the Dungeon)

   Spells                             Type                      Level
   a - Animate Dead                   Necromancy                   4
   b - Excruciating Wounds            Charms/Necromancy            5
   c - Agony                          Necromancy                   5
   d - Dispel Undead                  Necromancy                   5
   e - Death Channel                  Necromancy                   6


   Skills:
 - Level 7.2 Fighting
 - Level 5.0(6.0) Short Blades
 - Level 4.5(5.4) Long Blades
 + Level 6.5 Armour
 - Level 1.1 Dodging
 - Level 9.2 Spellcasting
 - Level 4.0 Conjurations
 - Level 4.0 Charms
 + Level 12.0 Necromancy
 + Level 6.3 Ice Magic
 - Level 5.1 Evocations


You couldn't memorise any spells.
You knew the following spells:

 Your Spells              Type           Power        Failure   Level  Hunger
a - Infusion              Chrm           ###.         2%          1    None
b - Shroud of Golubria    Chrm/Tloc      ##........   12%         2    None
c - Song of Slaying       Chrm           ###.....     4%          2    None
d - Regeneration          Chrm/Necr      ###.......   1%          3    ##.....
e - Corpse Rot            Necr           N/A          1%          2    None
f - Throw Icicle          Conj/Ice       ###.....     17%         4    ####...
g - Control Undead        Necr           ####......   1%          4    ####...
h - Death Channel         Necr           ####......   17%         6    #######
i - Dispel Undead         Necr           ####....     2%          5    #####..


Dungeon Overview and Level Annotations

Branches:
Dungeon (11/15)            Temple (1/1) D:6            Lair (4/6) D:10
  Snake (0/4) Lair:2          Orc (0/2) D:11
  Swamp: Lair:2-4    Shoals: Lair:2-4

Altars:
Dithmenos
Elyvilon
Fedhas
Kikubaaqudgha
Nemelex Xobeh
Okawaru
Uskayaw
The Shining One

Shops:
D:4 :   D:8 }

Annotations:
D:6 Grinder


Innate Abilities, Weirdness & Mutations

You have razor-sharp teeth.
You have supernaturally acute eyesight. (SInv)
((You can survive without breathing.))
You are dopey. (Int -2)
((You are covered in fur. (AC +1)))


Message History

Confirm with . or Enter, or press ? or * to list all spells.
Okay, then.
The blink frog blinks!
The blink frog hits you!
Okay, then.
You turn into a vampire bat.
The +7 dagger "Kaeteecw" {drain, Str+2 Dex+3} melds into your body.
Your +1 cloak melds into your body.
Your +0 helmet melds into your body.
Your +0 pair of gloves melds into your body.
Your +1 ring mail of fire resistance melds into your body.
Your ring of resist corrosion melds into your body.
You feel less resistant to fire. The lindwurm completely misses you.
The lindwurm claws you. x2; The blink frog completely misses you.
The blink frog blinks!
The lindwurm breathes flames at you. The blast of flame hits you!
* * * LOW HITPOINT WARNING * * *
The lindwurm breathes flames at you. The blast of flame hits you!
You die...
Kikubaaqudgha rasps: "You have failed me!
Welcome... oblivion!"

.##..#§.##.......................
^####.####...P##.#.........≈.....
.##..........###.##.♣♣♣.♣♣≈≈≈.###
.#.......#....##....♣♣..♣≈≈♣♣≈.##
..........#..'.......♣♣..≈♣♣.....
........§#†.........♣♣..≈≈♣♣♣....
.##......#§F.k.....%.♣♣≈≈≈..♣....
.#........F..##.....♣♣≈≈.♣..♣...P
.##.......#..###b#.♣♣.≈♣♣♣..♣♣...
.##.#.##.##....#.##.♣♣≈≈♣♣...♣...
.###.###..#..........♣♣≈.♣♣.♣....
....................♣♣≈≈.♣♣♣.....
.....................≈≈..........
.................................
.#.####..#....##...####.....#P..#
.##..#.####..##.....###.....#...#
.#.......##..##......P.......#...


You could see a lindwurm.

Vanquished Creatures
  3 hydras (Lair:2)
  The ghost of joejoepie the Unseen, a journeyman SpAs of Zin (Lair:4)
  Erolcha (D:9)
  Erica (D:9)
  The ghost of Gargo the Thaumaturge, a journeyman GrEE of Vehumet (Lair:1)
  Sonja (D:10)
  Pikel (D:6)
  A hill giant (D:10)
  An elephant (D:10)
  Joseph (D:9)
  A black mamba (Lair:1)
  A spiny frog (Lair:1)
  3 rime drakes
  6 komodo dragons
  4 polar bears
  3 hippogriffs
  Prince Ribbit (D:5)
  6 blink frogs
  Sigmund (D:3)
  13 yaks
  4 basilisks
  A fire elemental (Lair:2)
  2 hogs (D:11)
  A hungry ghost (D:7)
  Menkaure (D:7)
  3 nagas (Lair:2)
  Edmund (D:6)
  Duvessa (D:7)
  12 water moccasins
  4 porcupines
  An orc warrior (D:10)
  3 slaves (D:6)
  A sky beast (D:9)
  12 black bears
  A necrophage (D:9)
  4 wolves (Lair:2)
  2 ice beasts
  7 ogres
  2 phantoms
  An eye of draining (D:10)
  9 centaurs
  6 crocodiles
  Blork the orc (D:5)
  A wyvern zombie (D:10)
  9 bullfrogs
  A gnoll sergeant (D:8)
  Dowan (D:7)
  4 scorpions
  4 electric eels
  2 howler monkeys
  6 crimson imps
  2 bullfrog zombies
  5 orc priests
  4 hounds
  14 orc wizards
  A bullfrog skeleton (D:11)
  2 centaur skeletons
  Jessica (D:2)
  2 iguanas
  12 worker ants
  A killer bee zombie (D:3)
  2 hound zombies (D:6)
  A hound skeleton (D:11)
  A worker ant zombie (D:10)
  12 adders
  11 gnolls
  An ooze (D:3)
  2 adder zombies
  2 worms
  2 dart slugs
  7 leopard geckos
  48 orcs
  6 bats
  7 giant cockroaches
  5 goblins
  19 hobgoblins
  7 jackals (D:1)
  5 quokkas
  2 frilled lizards
  A giant cockroach zombie (D:5)
  6 kobolds
  A leopard gecko skeleton (D:4)
  A leopard gecko zombie (D:8)
  4 rats
356 creatures vanquished.

Vanquished Creatures (collateral kills)
  A hill giant (D:10)
1 creature vanquished.

Vanquished Creatures (others)
  9 fungi
  36 plants
45 creatures vanquished.

Grand Total: 402 creatures vanquished

Notes
Turn   | Place    | Note
-------+----------+-------------------------------------------
     0 | D:1      | KarmaPolice the Vampire Skald began the quest for the Orb.
     0 | D:1      | Reached XP level 1. HP: 16/16 MP: 3/3
   195 | D:1      | Reached XP level 2. HP: 19/22 MP: 5/5
   199 | D:1      | Learned a level 2 spell: Shroud of Golubria
   202 | D:1      | Learned a level 2 spell: Song of Slaying
   474 | D:1      | Reached XP level 3. HP: 13/27 MP: 0/6
  1238 | D:2      | Reached XP level 4. HP: 8/34 MP: 5/8
  1736 | D:2      | Noticed Jessica
  1741 | D:2      | Killed Jessica
  2049 | D:2      | Learned a level 3 spell: Regeneration
  2583 | D:3      | Reached XP level 5. HP: 13/39 MP: 2/10
  2902 | D:3      | Noticed an ogre
  3460 | D:3      | Reached skill level 1 in Necromancy
  3567 | D:3      | Noticed Sigmund
  3586 | D:3      | Killed Sigmund
  3586 | D:3      | Reached skill level 2 in Necromancy
  3586 | D:3      | Reached XP level 6. HP: 30/47 MP: 0/11
  4365 | D:4      | Reached XP level 7. HP: 47/52 MP: 5/13
  4533 | D:4      | Reached skill level 3 in Necromancy
  4873 | D:4      | Found Plog's Book Shop.
  4919 | D:4      | Got a bloodstained dagger
  4921 | D:4      | Identified the +7 dagger "Kaeteecw" {drain, Str+2 Dex+3} (You found it on level 4 of the Dungeon)
  5478 | D:5      | Entered Level 5 of the Dungeon
  5534 | D:5      | Noticed Prince Ribbit
  5587 | D:5      | Reached skill level 1 in Short Blades
  5928 | D:5      | Reached skill level 4 in Necromancy
  5932 | D:5      | Reached XP level 8. HP: 50/61 MP: 12/15
  6271 | D:5      | Reached skill level 5 in Spellcasting
  6513 | D:5      | Noticed Blork the orc
  6524 | D:5      | Killed Blork the orc
  6529 | D:5      | Found a glowing golden altar of the Shining One.
  6626 | D:5      | Reached skill level 5 in Necromancy
  6639 | D:5      | Killed Prince Ribbit
  6639 | D:5      | Reached skill level 5 in Fighting
  6819 | D:6      | Found a staircase to the Ecumenical Temple.
  6836 | Temple   | Entered the Ecumenical Temple
  6843 | Temple   | Became a worshipper of Kikubaaqudgha
  6897 | D:6      | Noticed Pikel
  6921 | D:6      | Killed Pikel
  6921 | D:6      | Reached XP level 9. HP: 67/68 MP: 4/17
  7098 | D:6      | Noticed Edmund
  7129 | D:6      | Killed Edmund
  7129 | D:6      | Reached skill level 6 in Necromancy
  7335 | D:6      | Reached skill level 5 in Short Blades
  7722 | D:6      | Noticed Grinder
  7722 | D:6      | Paralysed by Grinder for 5 turns
  8100 | D:7      | Noticed Duvessa
  8101 | D:7      | Noticed Dowan
  8113 | D:7      | Killed Duvessa
  8116 | D:7      | Killed Dowan
  8116 | D:7      | Reached skill level 1 in Evocations
  8213 | D:7      | Found a sparkling altar of Nemelex Xobeh.
  8274 | D:7      | Noticed Menkaure
  8704 | D:7      | Reached * piety under Kikubaaqudgha
  8704 | D:7      | Identified Kikubaaqudgha's Papyrus of Evil Secrets (Kikubaaqudgha gifted it to you on level 7 of the Dungeon)
  8704 | D:7      | Received a gift from Kikubaaqudgha
  8711 | D:7      | Learned a level 2 spell: Corpse Rot
  8730 | D:7      | Reached skill level 7 in Necromancy
  9044 | D:8      | Found Rasmon's Gadget Shop.
  9079 | D:7      | Killed Menkaure
  9493 | D:8      | Learned a level 4 spell: Throw Icicle
  9898 | D:8      | Reached XP level 10. HP: 71/77 MP: 13/20
 10392 | D:9      | Noticed Joseph
 10439 | D:8      | Reached skill level 1 in Ice Magic
 11205 | D:9      | Killed Joseph
 11427 | D:9      | Noticed Erica
 11468 | D:10     | Entered Level 10 of the Dungeon
 11893 | D:9      | Reached skill level 8 in Necromancy
 12031 | D:9      | Noticed Erolcha
 12048 | D:9      | Reached ** piety under Kikubaaqudgha
 12062 | D:9      | Reached skill level 1 in Armour
 12123 | D:9      | Identified a -1 rod of inaccuracy (11/11) (You found it on level 5 of the Dungeon)
 12540 | D:10     | Noticed an elephant
 12541 | D:10     | Found a staircase to the Lair.
 12600 | D:10     | Killed an elephant
 12838 | D:10     | Noticed Sonja
 13166 | D:10     | Noticed a hill giant
 13181 | D:8      | Found a shadowy altar of Dithmenos.
 13181 | D:8      | Found a blossoming altar of Fedhas.
 13794 | D:9      | Killed Erolcha
 13794 | D:9      | Reached XP level 11. HP: 54/84 MP: 13/23
 14033 | D:9      | Killed Erica
 14033 | D:9      | Reached skill level 9 in Necromancy
 14833 | D:11     | Found a staircase to the Orcish Mines.
 14846 | D:11     | Gained mutation: You are dopey. (Int -2) [potion of mutation]
 14846 | D:11     | Gained mutation: You are covered in fur. (AC +1) [potion of mutation]
 15089 | D:11     | Noticed a hill giant
 15431 | D:11     | Noticed a skeletal warrior
 15431 | D:11     | Noticed a skeletal warrior
 15496 | D:11     | Learned a level 4 spell: Control Undead
 15667 | D:11     | Reached *** piety under Kikubaaqudgha
 15667 | D:11     | Identified Kikubaaqudgha's Tome of Dark Secrets (Kikubaaqudgha gifted it to you on level 11 of the Dungeon)
 15667 | D:11     | Received a gift from Kikubaaqudgha
 15767 | D:10     | Learned a level 6 spell: Death Channel
 15873 | D:10     | Killed Sonja
 15873 | D:10     | Reached skill level 5 in Evocations
 16201 | D:10     | Killed a hill giant
 16266 | D:10     | Killed a hill giant
 16395 | Lair:1   | Entered Level 1 of the Lair of Beasts
 16402 | Lair:1   | Reached skill level 5 in Ice Magic
 16443 | Lair:1   | Reached skill level 1 in Conjurations
 17373 | Lair:1   | Noticed Gargo's ghost (journeyman GrEE)
 18164 | Lair:1   | Reached skill level 10 in Necromancy
 18374 | Lair:2   | Got a warped rapier
 18458 | Lair:2   | Identified the cursed +0 rapier of Ysaubbead {pierce, Str+2 Dex+2 SInv} (You found it on level 2 of the Lair of Beasts)
 18508 | Lair:2   | Found a staircase to the Snake Pit.
 18975 | Lair:2   | Reached XP level 12. HP: 91/91 MP: 19/25
 18996 | Lair:2   | Learned a level 5 spell: Dispel Undead
 19085 | Lair:2   | Noticed a four-headed hydra
 19376 | Lair:2   | Noticed an eight-headed hydra
 19599 | Lair:2   | Killed a four-headed hydra
 20166 | Lair:1   | Killed Gargo's ghost
 20166 | Lair:1   | Reached skill level 5 in Armour
 20454 | Lair:2   | Reached **** piety under Kikubaaqudgha
 20644 | Lair:2   | Noticed a four-headed hydra
 20668 | Lair:2   | Killed a one-headed hydra
 20668 | Lair:2   | Reached skill level 11 in Necromancy
 21169 | Lair:2   | Killed a two-headed hydra
 23124 | Lair:4   | Noticed joejoepie's ghost (journeyman SpAs)
 23129 | Lair:4   | Killed joejoepie's ghost
 23579 | Lair:3   | Reached skill level 12 in Necromancy
 23797 | Lair:3   | Killed from afar by a lindwurm

Skill      XL: |  1  2  3  4  5  6  7  8  9 10 11 12 |
---------------+-------------------------------------+-----
Fighting       | 2 3 4 5 6 7 |  7.2
Spellcasting   | 3 4 5 6 8 9 |  9.2
Charms         | 4 |  4.0
Long Blades    | 3 4 |  4.5
Necromancy     | 2 4 5 7 8 10 12 | 12.0
Short Blades   | 2 4 5 |  5.0
Evocations     | 2 4 5 |  5.1
Ice Magic      | 4 5 6 |  6.3
Armour         | 2 4 6 |  6.5
Conjurations   | 3 4 |  4.0
Dodging        | |  1.1

Action                   |  1- 3 |  4- 6 |  7- 9 | 10-12 || total
-------------------------+-------+-------+-------+-------++-------
Melee: Falchion          |   105 |   149 |    51 |       ||   305
       Bite              |    14 |    19 |    52 |   131 ||   216
       Dagger            |       |       |   315 |   881 ||  1196
       Unarmed           |       |       |       |    15 ||    15
       Scimitar          |       |       |       |    12 ||    12
 Fire: Blowgun           |       |       |       |    25 ||    25
 Cast: Infusion          |     4 |    15 |    36 |    93 ||   148
       Song of Slaying   |     2 |     3 |     6 |    14 ||    25
       Shroud of Golubri |     1 |    10 |    23 |    66 ||   100
       Regeneration      |       |     5 |    15 |   104 ||   124
       Corpse Rot        |       |       |     1 |     2 ||     3
       Control Undead    |       |       |       |     5 ||     5
       Dispel Undead     |       |       |       |     6 ||     6
       Throw Icicle      |       |       |       |     1 ||     1
 Abil: Bat Form          |       |     3 |    42 |   123 ||   168
       End Transformatio |       |     3 |    42 |   122 ||   167
Evoke: Wand              |       |     4 |       |    34 ||    38
  Use: Potion            |       |     5 |     4 |    18 ||    27
       Scroll            |       |     4 |     1 |     3 ||     8
 Stab: Sleeping          |       |       |     8 |     3 ||    11
       Distracted        |       |       |     1 |     1 ||     2
  Eat: Corpse            |       |     4 |     6 |    19 ||    29
Armor: Leather armour    |    26 |    39 |    73 |    44 ||   182
       Ring mail         |       |       |       |   278 ||   278
       Robe              |       |       |       |     1 ||     1
Dodge: Dodged            |    66 |    95 |   134 |   494 ||   789
       Rpst.: Falchion   |    22 |    26 |    11 |       ||    59
